 Dungeon Crawl Stone Soup version 0.30-a0-297-g0ec75d9ef4 (webtiles) character file.

Game seed: 9717178354235147031

96 themarg the Trooper (level 4, -1/44 HPs)
             Began as a Hill Orc Monk on Oct 18, 2022.
             Succumbed to Robin's poison
             ... on level 2 of the Dungeon.
             The game lasted 00:10:19 (1875 turns).

themarg the Trooper (Hill Orc Monk)                 Turns: 1875, Time: 00:10:20

Health: -1/44      AC:  8    Str: 15    XL:     4   Next: 67%
Magic:  4/4        EV:  6    Int: 10    God:
Gold:   117        SH:  0    Dex: 13    Spells: 3/3 levels left

rFire   . . .      SeeInvis .    a - +0 hand axe
rCold   . . .      Faith    .    (no shield)
rNeg    . . .      Spirit   .    c - +0 chain mail
rPois   .          Reflect  .    (no helmet)
rElec   .          Harm     .    (no cloak)
rCorr   .          Rampage  .    (no gloves)
Will    .....                    (no boots)
Stlth   ..........               (no amulet)
HPRegen 0.27/turn                (no ring)
MPRegen 0.09/turn                (no ring)

@: mighty, lethally poisoned (-1 -> -19)
A: no striking features
a: no special abilities


You were on level 2 of the Dungeon.
You visited 1 branch of the dungeon, and saw 2 of its levels.

You collected 117 gold pieces.

Inventory:

Hand Weapons
 a - a +0 hand axe (weapon)
Missiles
 d - 8 atropa-tipped darts (quivered)
 j - 15 stones
Armour
 c - a +0 chain mail (worn)
Jewellery
 b - a +4 ring of evasion
Scrolls
 e - a scroll of summoning {unknown}
 f - a scroll of amnesia {unknown}
 g - a scroll of vulnerability {unknown}
 h - 4 scrolls of teleportation {unknown}
 k - a scroll of blinking {unknown}


   Skills:
 * Level 5.8 Fighting
 - Level 4.0 Axes
 - Level 2.4 Dodging
 - Level 2.4 Stealth


You had 3 spell levels left.
You didn't know any spells.
Your spell library contained the following spells:

 Spells                   Type           Power      Damage    Failure   Level
 Call Canine Familiar     Summ           0%         N/A       100%        3
 Dazzling Flash           Conj/Hex       0%         N/A       100%        3
 Portal Projectile        Hex/Tloc       0%         N/A       100%        3
 Leda's Liquefaction      Hex/Erth       0%         N/A       100%        4
 Agony                    Necr           0%         N/A       100%        5
 Silence                  Hex/Air        0%         N/A       100%        5


Dungeon Overview and Level Annotations

Branches:
Dungeon (2/15)

Altars:

Annotations:
D:1 exclusion: downstairs
D:2 Robin


Message History

You hit Robin but do no damage.
Robin is lightly wounded.
You feel very sick.
Robin hits you with a +0 short sword of venom.
You hit Robin.
Robin is moderately wounded.
You feel very sick. Robin barely misses you.
You barely miss Robin.
Robin is moderately wounded.
You feel very sick. Robin barely misses you.
You hit Robin.
Robin is heavily wounded.
You feel very sick. Robin hits you but does no damage.
You closely miss Robin.
Robin is heavily wounded.
You feel sick. Robin hits you but does no damage.
You are more poisoned.
You hit Robin.
Robin is severely wounded.
You feel very sick.
Robin hits you with a +0 short sword of venom.
* * * LOW HITPOINT WARNING * * *
You are lethally poisoned!
It was a potion of might.
You feel very mighty all of a sudden.
* * * LOW HITPOINT WARNING * * *
You feel very sick. Robin hits you but does no damage.
You are more poisoned.
You barely miss Robin.
Robin is severely wounded.
* * * LOW HITPOINT WARNING * * *
You feel very sick. Robin hits you but does no damage.
You barely miss Robin.
Robin is severely wounded.
You die...

...#########............###.#.#
...######...............# #.#.#
.......##......$......>.# #.#.#
#......##......########.# #.#.#
'......+.....#.# #.# #.#.#
#......#####'#.# #.# #.#.#
#..............# #.. #.#.#
#.....<........########## #.#.#
................@ggg.... #.#.#
..............########## #.#.#
..............# #.#.#
#.............# #.#.#
#......#####..>. #.#.# ##...###
###### #.#.# ...... #.#.#
...... #.#.# ..... #.#.#


You could see Robin, a hobgoblin and a goblin.

Vanquished Creatures
  Jessica (D:2)
  2 adders (D:2)
  3 orcs (D:2)
  3 ball pythons
  5 endoplasms
  A giant cockroach (D:1)
  8 goblins
  6 hobgoblins
  2 quokkas
  4 bats
  A frilled lizard (D:2)
  7 kobolds
  4 rats
47 creatures vanquished.

Notes
Turn   | Place    | Note
-------+----------+-------------------------------------------
     0 | D:1      | themarg the Hill Orc Monk began the quest for the Orb.
     0 | D:1      | Reached XP level 1. HP: 19/19 MP: 1/1
    75 | D:1      | Reached skill level 4 in Fighting
   136 | D:1      | Reached XP level 2. HP: 14/27 MP: 2/2
   634 | D:1      | Reached XP level 3. HP: 34/34 MP: 3/3
  1039 | D:2      | Noticed Robin
  1039 | D:2      | Noticed Jessica
  1228 | D:2      | Reached skill level 5 in Fighting
  1428 | D:2      | Reached XP level 4. HP: 32/42 MP: 4/4
  1716 | D:2      | Killed Jessica
  1875 | D:2      | Succumbed to Robin's poison

Illustrated notes

Levels and vault maps discovered:
D:1:      matt_arrival_grand_opening, layout_basic
D:2:      layout_basic, guppyfry_early_orc_mine, uniq_robin, uniq_jessica,
          uniq_sigmund

Skill      XL: |  1  2  3 |
---------------+----------+-----
Fighting       | 4 5 |  5.8
Stealth        | 2 |  2.4
Axes           | |  4.0
Dodging        | |  2.4

Action                   |  1- 3 |  4- 6 || total
-------------------------+-------+-------++-------
Melee: Hand axe          |   149 |    38 ||   187
       Punch             |     1 |       ||     1
Throw: Dart              |     1 |       ||     1
  Use: Potion            |     1 |     1 ||     2
 Stab: Sleeping          |     3 |       ||     3
Armor: Robe              |    13 |       ||    13
       Chain mail        |    10 |    21 ||    31
Dodge: Dodged            |    74 |    12 ||    86

Table legend: (Time is in decaauts)
 A = Elapsed time spent in this place.
 B = Non-inter-level travel time spent in this place.
 C = Inter-level travel time spent in this place.
 D = Time resting spent in this place.
 E = Time spent auto-exploring this place.
 F = Levels seen in this place.
 G = Mean time per level.
                   A        B        C        D        E       F      G
               +--------+--------+--------+--------+--------+-----+--------+
         Total |   1894 |   1800 |     94 |    626 |    608 |   2 |  947.0 |
       Dungeon |   1894 |   1800 |     94 |    626 |    608 |   2 |  947.0 |
               +--------+--------+--------+--------+--------+-----+--------+

Top non-repeatable levels by time:
     D:1: 1084 daAuts
     D:2: 810 daAuts
